Panthers vs Canucks

Created - January 9, 2017 at 20:20

Goals
1 2 3 OT1 T
Panthers 2 0 2 1 5
Canucks 2 1 1 0 4
Shots
1 2 3 OT1 T
Panthers 15 13 14 2 44
Canucks 5 12 10 0 27

1st period

1. Panthers , Ondrej Palat 13 (Jori Lehtera, Patrick Kane) at 11:29 (PP)
2. Canucks , Reilly Smith 20 (Evgeny Kuznetsov, Evander Kane) at 15:39
3. Panthers , Jacob Trouba 1 (Vladimir Tarasenko, Joe Thornton) at 18:16
4. Canucks , Erik Karlsson 2 (Alexander Burmistrov, Cody Ceci) at 18:32

Penalties :
Brent Burns (VAN) for Holding (Minor) at 10:56, Simon Despres (VAN) for Hooking (Minor) at 12:54, Tomas Hertl (FLA) for Hooking (Minor) at 12:54

2nd period

5. Canucks , Logan Couture 9 (Adam Henrique, Mikkel Boedker) at 4:31

Penalties :
Jacob Trouba (FLA) for Interference (Minor) at 1:33, Alexey Marchenko (FLA) for Roughing (Minor) at 5:31, Simon Despres (VAN) for Holding (Minor) at 14:45

3rd period

6. Panthers , Alexey Marchenko 1 (Jori Lehtera, Tomas Hertl) at 2:08
7. Canucks , Evgeny Kuznetsov 16 (Reilly Smith, Jonas Brodin) at 10:46
8. Panthers , Patrick Kane 18 (T.J. Brodie) at 17:17

Penalties :
Alex Pietrangelo (VAN) for Hooking (Minor) at 7:27, Evgeny Kuznetsov (VAN) for Holding (Minor) at 8:35, Pavel Datsyuk (FLA) for Hooking (Minor) at 12:01, Ondrej Palat (FLA) for High sticking (Minor) at 15:30, Brent Burns (VAN) for Hooking (Minor) at 16:23, Adam Henrique (VAN) for Boarding (Minor) at 19:34

Overtime #1

9. Panthers , Pavel Datsyuk 17 (Vladimir Tarasenko, T.J. Brodie) at 1:44

Penalties :
No Penalty

Goalie Stats

Philipp Grubauer (FLA), 23 saves from 27 shots - (0.852), W, 3-1-1, 61:45 minutes
Henrik Lundqvist (VAN), 39 saves from 44 shots - (0.886), OTL, 16-14-7, 61:45 minutes

Players Stats for Panthers

Player Name              G  A  P  +/- PIM S  H  SB GA TA FO     MP     PP MP  PK MP  
------------------------------------------------------------------------------------
Alexey Marchenko         1  0  1   0  2   1  1  1  0  0  0/0    12:13   0:00   0:40 
Artem Anisimov           0  0  0  -1  0   0  1  0  0  0  11/16  15:05   0:00   0:00 
Danny DeKeyser           0  0  0   0  0   1  0  0  0  0  0/0    23:12   3:07   3:55 
Jacob Trouba             1  0  1   0  2   2  2  0  0  0  0/0    25:27   3:50   2:36 
Joakim Nordstrom         0  0  0  -1  0   1  1  0  0  0  0/1     8:56   0:00   3:27 
Joe Thornton             0  1  1  -1  0   5  2  0  0  0  11/23  17:49   0:00   0:00 
Jori Lehtera             0  2  2   2  0   2  1  0  0  0  16/25  17:09   3:42   3:27 
Justin Braun             0  0  0  -1  0   0  1  3  0  0  0/0    23:41   3:07   3:23 
Nikolaj Ehlers           0  0  0   1  0   0  0  1  0  0  0/0    11:41   3:15   0:00 
Ondrej Palat             1  0  1  -1  2   11 3  0  0  0  3/3    19:22   3:42   0:16 
Patrick Kane             1  1  2   0  0   5  0  1  0  0  3/5    21:19   3:42   1:11 
Pavel Datsyuk            1  0  1  -1  2   6  3  0  0  0  3/7    19:45   3:15   2:12 
Pierre-Edouard Bellemare 0  0  0  -1  0   1  0  1  0  0  7/12    8:56   0:00   3:07 
Riley Nash               0  0  0  -1  0   1  0  1  0  0  0/1     5:29   0:00   0:00 
T.J. Brodie              0  2  2  -1  0   2  0  0  0  0  0/0    24:18   3:50   3:06 
Tomas Hertl              0  1  1   1  2   3  2  0  0  0  1/2    10:27   0:00   0:00 
Trevor van Riemsdyk      0  0  0   0  0   1  0  1  0  0  0/0    14:37   0:00   0:00 
Vladimir Tarasenko       0  2  2  -1  0   2  4  0  0  0  2/2    17:34   3:15   0:00 

Players Stats for Canucks

Player Name              G  A  P  +/- PIM S  H  SB GA TA FO     MP     PP MP  PK MP  
------------------------------------------------------------------------------------
Adam Henrique            0  1  1   0  2   1  1  0  0  0  0/0    20:42   3:38   4:21 
Alex Pietrangelo         0  0  0  -2  2   1  1  0  0  0  0/0    24:04   3:07   2:20 
Alexander Burmistrov     0  1  1  -1  0   0  1  1  0  0  4/9    17:16   0:00   3:32 
Brent Burns              0  0  0  -1  4   2  0  2  0  0  0/1    23:20   3:42   2:22 
Chris Kreider            0  0  0   0  0   0  1  0  0  0  0/0    11:38   0:00   0:00 
Cody Ceci                0  1  1   0  0   1  0  0  0  0  0/0    20:18   0:00   3:52 
Elias Lindholm           0  0  0   0  0   1  1  0  0  0  3/7     8:52   3:12   0:00 
Erik Karlsson            1  0  1   0  0   3  4  1  0  0  0/0    24:08   3:43   5:03 
Evander Kane             0  1  1   2  0   1  5  0  0  0  0/0    17:54   3:12   1:25 
Evgeny Kuznetsov         1  1  2   2  2   3  1  0  0  0  13/36  20:18   3:38   3:12 
Jimmy Hayes              0  0  0   0  0   0  0  0  0  0  0/1     5:40   0:00   0:00 
Jonas Brodin             0  1  1   2  0   1  0  0  0  0  0/0    17:21   0:00   3:28 
Logan Couture            1  0  1   0  0   4  2  0  0  0  8/17   15:56   3:12   0:00 
Matt Beleskey            0  0  0   0  0   0  0  0  0  0  0/0     6:28   0:00   0:00 
Mikkel Boedker           0  1  1   0  0   2  0  0  0  0  1/2    12:44   0:00   0:00 
Reilly Smith             1  1  2   1  0   3  2  0  0  0  2/4    18:47   3:38   0:58 
Robby Fabbri             0  0  0   0  0   3  0  0  0  0  9/20   12:15   0:00   0:00 
Simon Despres            0  0  0   3  4   1  8  1  0  0  0/0    16:45   3:07   1:05 

3 Stars

1 - Reilly Smith (VAN)
2 - Evgeny Kuznetsov (VAN)
3 - Jori Lehtera (FLA)

Power Play

Panthers - 1 on 6 Attempt(s) - 16.67%
Canucks - 0 on 4 Attempt(s) - 0.00%

Penalty Kill

Panthers - 4 on 4 Attempt(s) - 100.00% - Score 0 goal in Penalty Kill
Canucks - 5 on 6 Attempt(s) - 83.33% - Score 0 goal in Penalty Kill

Team Stat

Panthers - Hits : 21 - Faceoff Wins : 57 - Blocked Shots : 9 - Penalty Minutes : 10
Canucks - Hits : 27 - Faceoff Wins : 40 - Blocked Shots : 5 - Penalty Minutes : 14

Official

Referees : Tim Peel and Tom Chmielewski
Linesman : Brad Lazarowich and Tim Nowak

Game Notes

No Game Note

Finance

Level 1 -- Attendance: 6278 (96.58%) -- Ticket Income $565,020
Level 2 -- Attendance: 5000 (100.00%) -- Ticket Income $350,000
Level 3 -- Attendance: 3308 (94.51%) -- Ticket Income $155,476
Level 4 -- Attendance: 2910 (100.00%) -- Ticket Income $72,750
Luxury Box -- Attendance: 729 (72.90%) -- Ticket Income $182,250
Game was played at the Rogers Arena.
Total Attendance: 18225 (96.38%)
Total Ticket Income: $1,325,496
Other Income: $198,824
Total Income: $1,524,320

% Time on Ice - Panthers

Lines # - Real PCT - Wanted PCT - Time Play
Normal Forward
1 - 35% - 37% - 15:05
2 - 33% - 33% - 14:08
3 - 20% - 20% - 8:26
4 - 13% - 10% - 5:29
Normal Defense
1 - 35% - 40% - 15:12
2 - 31% - 35% - 13:19
3 - 27% - 20% - 11:34
4 - 7% - 5% - 3:03
PP Forward
1 - 53% - 50% - 3:42
2 - 47% - 50% - 3:15
PP Defense
1 - 55% - 60% - 3:50
2 - 45% - 40% - 3:07
PK Forward
1 - 50% - 50% - 3:27
2 - 50% - 50% - 3:23
PK Defense
1 - 67% - 60% - 4:35
2 - 33% - 40% - 2:15
PK3 Forward
1 - 0% - 60%
2 - 0% - 40%
PK3 Defense
1 - 0% - 60%
2 - 0% - 40%
44 Forward
1 - 86% - 60% - 4:01
2 - 14% - 40% - 0:38
44 Defense
1 - 57% - 60% - 2:40
2 - 43% - 40% - 1:59
Last Minute Offensive  - 0:00
Last Minute Defensive  - 0:00
Total
Forward - 61:34
Defense - 61:34

% Time on Ice - Canucks

Lines # - Real PCT - Wanted PCT - Time Play
Normal Forward
1 - 31% - 33% - 13:17
2 - 30% - 31% - 12:44
3 - 27% - 24% - 11:27
4 - 13% - 12% - 5:40
Normal Defense
1 - 33% - 34% - 14:25
2 - 34% - 33% - 14:51
3 - 29% - 28% - 12:23
4 - 3% - 5% - 1:29
PP Forward
1 - 53% - 57% - 3:38
2 - 47% - 43% - 3:12
PP Defense
1 - 54% - 53% - 3:43
2 - 46% - 47% - 3:07
PK Forward
1 - 77% - 55% - 4:41
2 - 23% - 45% - 1:25
PK Defense
1 - 37% - 50% - 2:14
2 - 63% - 50% - 3:52
PK3 Forward
1 - 60% - 52% - 1:27
2 - 40% - 48% - 0:58
PK3 Defense
1 - 51% - 51% - 1:14
2 - 49% - 49% - 1:11
44 Forward
1 - 74% - 55% - 2:17
2 - 26% - 45% - 0:48
44 Defense
1 - 72% - 52% - 2:13
2 - 28% - 48% - 0:52
Last Minute Offensive  - 0:00
Last Minute Defensive  - 0:00
Total
Forward - 61:34
Defense - 61:34

Play by Play

1st period


0:01 of 1st period - Artem Anisimov wins face-off versus Evgeny Kuznetsov in neutral zone.
0:01 of 1st period - Artem Anisimov is hit by Evander Kane.
0:11 of 1st period - Reilly Smith is hit by Ondrej Palat and loses puck.
0:51 of 1st period - T.J. Brodie is hit by Evander Kane and loses puck.
3:03 of 1st period - T.J. Brodie is hit by Alexander Burmistrov and loses puck.
3:25 of 1st period - Icing by Jonas Brodin.
3:26 of 1st period - Robby Fabbri wins face-off versus Artem Anisimov in Canucks zone.
3:39 of 1st period - Shot by Ondrej Palat.
3:39 of 1st period - Stopped by Henrik Lundqvist without a rebound.
3:40 of 1st period - Joe Thornton wins face-off versus Elias Lindholm in Canucks zone.
4:11 of 1st period - Shot by Vladimir Tarasenko.
4:11 of 1st period - Shot Misses the Net.
4:34 of 1st period - Icing by Jacob Trouba.
4:35 of 1st period - Joe Thornton wins face-off versus Evgeny Kuznetsov in Panthers zone.
4:40 of 1st period - Evander Kane is hit by Joe Thornton and loses puck.
5:01 of 1st period - Cody Ceci is hit by Pavel Datsyuk and loses puck.
5:15 of 1st period - Off-side.
5:16 of 1st period - Artem Anisimov wins face-off versus Logan Couture in neutral zone.
5:33 of 1st period - Shot by Ondrej Palat.
5:33 of 1st period - Stopped by Henrik Lundqvist without a rebound.
5:34 of 1st period - Jori Lehtera wins face-off versus Robby Fabbri in Canucks zone.
5:41 of 1st period - Shot by Tomas Hertl.
5:41 of 1st period - Stopped by Henrik Lundqvist without a rebound.
5:42 of 1st period - Artem Anisimov wins face-off versus Evgeny Kuznetsov in Canucks zone.
5:53 of 1st period - Shot by Patrick Kane.
5:53 of 1st period - Shot Misses the Net.
5:55 of 1st period - Shot by Patrick Kane.
5:55 of 1st period - Stopped by Henrik Lundqvist without a rebound.
5:56 of 1st period - Jori Lehtera wins face-off versus Robby Fabbri in Canucks zone.
6:36 of 1st period - Shot by Chris Kreider.
6:36 of 1st period - Shot Blocked by Justin Braun.
6:38 of 1st period - Shot by Jonas Brodin.
6:38 of 1st period - Stopped by Philipp Grubauer without a rebound.
6:39 of 1st period - Logan Couture wins face-off versus Artem Anisimov in Panthers zone.
7:14 of 1st period - Shot by Patrick Kane.
7:14 of 1st period - Shot Blocked by Brent Burns.
7:39 of 1st period - Alex Pietrangelo is hit by Joakim Nordstrom and loses puck.
7:55 of 1st period - Shot by Joakim Nordstrom.
7:55 of 1st period - Shot Misses the Net.
7:57 of 1st period - Shot by Joakim Nordstrom.
7:57 of 1st period - Stopped by Henrik Lundqvist without a rebound.
7:58 of 1st period - Vladimir Tarasenko wins face-off versus Evgeny Kuznetsov in Canucks zone.
7:59 of 1st period - Shot by Joe Thornton.
7:59 of 1st period - Shot Misses the Net.
8:05 of 1st period - Shot by Reilly Smith.
8:05 of 1st period - Shot Blocked by Justin Braun.
8:27 of 1st period - Icing by Evgeny Kuznetsov.
8:28 of 1st period - Tomas Hertl wins face-off versus Evgeny Kuznetsov in Canucks zone.
8:31 of 1st period - Shot by Jori Lehtera.
8:31 of 1st period - Stopped by Henrik Lundqvist without a rebound.
8:32 of 1st period - Elias Lindholm wins face-off versus Artem Anisimov in Canucks zone.
8:58 of 1st period - Artem Anisimov is hit by Simon Despres and loses puck.
9:04 of 1st period - Ondrej Palat is hit by Simon Despres and loses puck.
9:14 of 1st period - Artem Anisimov is hit by Simon Despres and loses puck.
9:17 of 1st period - Shot by Artem Anisimov.
9:17 of 1st period - Deflect By Ondrej Palat.
9:17 of 1st period - Stopped by Henrik Lundqvist without a rebound.
9:18 of 1st period - Jori Lehtera wins face-off versus Evgeny Kuznetsov in Canucks zone.
9:37 of 1st period - Off-side.
9:38 of 1st period - Robby Fabbri wins face-off versus Joe Thornton in neutral zone.
9:44 of 1st period - Icing by Justin Braun.
9:45 of 1st period - Joe Thornton wins face-off versus Evgeny Kuznetsov in Panthers zone.
10:56 of 1st period - Minor Penalty to Brent Burns for Holding.
10:57 of 1st period - Jori Lehtera wins face-off versus Alexander Burmistrov in Canucks zone.
10:59 of 1st period - Patrick Kane is hit by Erik Karlsson.
11:27 of 1st period - Shot by Jori Lehtera.
11:27 of 1st period - Shot Blocked by Erik Karlsson.
11:29 of 1st period - Shot by Ondrej Palat.
11:29 of 1st period - Goal by Ondrej Palat - Panthers : 1 - Canucks : 0.
11:30 of 1st period - Pierre-Edouard Bellemare wins face-off versus Elias Lindholm in neutral zone.
11:35 of 1st period - Shot by Pierre-Edouard Bellemare.
11:35 of 1st period - Stopped by Henrik Lundqvist without a rebound.
11:36 of 1st period - Pierre-Edouard Bellemare wins face-off versus Jimmy Hayes in Canucks zone.
12:54 of 1st period - Minor Penalty to Simon Despres for Hooking.
12:54 of 1st period - Minor Penalty to Tomas Hertl for Hooking.
12:55 of 1st period - Alexander Burmistrov wins face-off versus Joe Thornton in Canucks zone.
12:55 of 1st period - Alexander Burmistrov is hit by Joe Thornton.
13:37 of 1st period - Shot by Brent Burns.
13:37 of 1st period - Stopped by Philipp Grubauer without a rebound.
13:38 of 1st period - Joe Thornton wins face-off versus Robby Fabbri in Panthers zone.
14:13 of 1st period - Shot by Joe Thornton.
14:13 of 1st period - Stopped by Henrik Lundqvist without a rebound.
14:14 of 1st period - Alexander Burmistrov wins face-off versus Patrick Kane in Canucks zone.
14:33 of 1st period - Shot by Erik Karlsson.
14:33 of 1st period - Stopped by Philipp Grubauer without a rebound.
14:34 of 1st period - Alexander Burmistrov wins face-off versus Joe Thornton in Panthers zone.
14:38 of 1st period - Brent Burns is hit by Jacob Trouba and loses puck.
15:09 of 1st period - Shot by Ondrej Palat.
15:09 of 1st period - Stopped by Henrik Lundqvist without a rebound.
15:10 of 1st period - Evgeny Kuznetsov wins face-off versus Pierre-Edouard Bellemare in Canucks zone.
15:39 of 1st period - Shot by Reilly Smith.
15:39 of 1st period - Goal by Reilly Smith - Panthers : 1 - Canucks : 1.
15:40 of 1st period - Artem Anisimov wins face-off versus Robby Fabbri in neutral zone.
15:47 of 1st period - Shot by Ondrej Palat.
15:47 of 1st period - Stopped by Henrik Lundqvist without a rebound.
15:48 of 1st period - Artem Anisimov wins face-off versus Logan Couture in Canucks zone.
15:53 of 1st period - Shot by Patrick Kane.
15:53 of 1st period - Stopped by Henrik Lundqvist with a rebound.
17:10 of 1st period - Shot by Pavel Datsyuk.
17:10 of 1st period - Stopped by Henrik Lundqvist without a rebound.
17:11 of 1st period - Jori Lehtera wins face-off versus Evgeny Kuznetsov in Canucks zone.
17:11 of 1st period - Alexey Marchenko is hit by Simon Despres and loses puck.
17:20 of 1st period - Shot by Evgeny Kuznetsov.
17:20 of 1st period - Shot Misses the Net.
17:42 of 1st period - Shot by Evgeny Kuznetsov.
17:42 of 1st period - Shot Misses the Net.
17:44 of 1st period - Shot by Reilly Smith.
17:44 of 1st period - Shot Misses the Net.
18:12 of 1st period - Icing by Cody Ceci.
18:13 of 1st period - Joe Thornton wins face-off versus Robby Fabbri in Canucks zone.
18:14 of 1st period - Shot by Vladimir Tarasenko.
18:14 of 1st period - Shot Hit the Post.
18:16 of 1st period - Shot by Jacob Trouba.
18:16 of 1st period - Goal by Jacob Trouba - Panthers : 2 - Canucks : 1.
18:17 of 1st period - Artem Anisimov wins face-off versus Robby Fabbri in neutral zone.
18:30 of 1st period - Shot by Alexander Burmistrov.
18:30 of 1st period - Shot Blocked by Patrick Kane.
18:32 of 1st period - Shot by Erik Karlsson.
18:32 of 1st period - Goal by Erik Karlsson - Panthers : 2 - Canucks : 2.
18:33 of 1st period - Mikkel Boedker wins face-off versus Joe Thornton in neutral zone.
19:20 of 1st period - Joe Thornton is hit by Logan Couture and loses puck.
Goals for this period are 2 for Panthers vs 2 for Canucks.
Shots for this period are 15 for Panthers vs 5 for Canucks.

2nd period


0:01 of 2nd period - Robby Fabbri wins face-off versus Patrick Kane in neutral zone.
0:14 of 2nd period - Shot by Chris Kreider.
0:14 of 2nd period - Shot Misses the Net.
0:20 of 2nd period - Shot by Cody Ceci.
0:20 of 2nd period - Stopped by Philipp Grubauer without a rebound.
0:21 of 2nd period - Joe Thornton wins face-off versus Evgeny Kuznetsov in Panthers zone.
0:44 of 2nd period - Shot by Reilly Smith.
0:44 of 2nd period - Shot Misses the Net.
0:56 of 2nd period - Shot by Pavel Datsyuk.
0:56 of 2nd period - Shot Misses the Net.
1:06 of 2nd period - Shot by Joe Thornton.
1:06 of 2nd period - Shot Misses the Net.
1:33 of 2nd period - Minor Penalty to Jacob Trouba for Interference.
1:34 of 2nd period - Jori Lehtera wins face-off versus Logan Couture in Panthers zone.
2:16 of 2nd period - Icing by Alex Pietrangelo.
2:17 of 2nd period - Evgeny Kuznetsov wins face-off versus Pierre-Edouard Bellemare in Canucks zone.
2:22 of 2nd period - Pavel Datsyuk is hit by Reilly Smith and loses puck.
3:05 of 2nd period - Shot by Erik Karlsson.
3:05 of 2nd period - Stopped by Philipp Grubauer without a rebound.
3:06 of 2nd period - Jori Lehtera wins face-off versus Elias Lindholm in Panthers zone.
3:06 of 2nd period - Jori Lehtera is hit by Evander Kane.
3:42 of 2nd period - Icing by Patrick Kane.
3:43 of 2nd period - Artem Anisimov wins face-off versus Robby Fabbri in Panthers zone.
3:50 of 2nd period - Shot by Ondrej Palat.
3:50 of 2nd period - Shot Misses the Net.
4:21 of 2nd period - Shot by Patrick Kane.
4:21 of 2nd period - Shot Misses the Net.
4:23 of 2nd period - Shot by Trevor van Riemsdyk.
4:23 of 2nd period - Stopped by Henrik Lundqvist without a rebound.
4:24 of 2nd period - Logan Couture wins face-off versus Joe Thornton in Canucks zone.
4:24 of 2nd period - Mikkel Boedker is hit by Vladimir Tarasenko and loses puck.
4:31 of 2nd period - Shot by Logan Couture.
4:31 of 2nd period - Goal by Logan Couture - Panthers : 2 - Canucks : 3.
4:32 of 2nd period - Joe Thornton wins face-off versus Mikkel Boedker in neutral zone.
5:03 of 2nd period - Shot by Joe Thornton.
5:03 of 2nd period - Stopped by Henrik Lundqvist without a rebound.
5:04 of 2nd period - Patrick Kane wins face-off versus Evgeny Kuznetsov in Canucks zone.
5:15 of 2nd period - Shot by Patrick Kane.
5:15 of 2nd period - Stopped by Henrik Lundqvist without a rebound.
5:16 of 2nd period - Robby Fabbri wins face-off versus Jori Lehtera in Canucks zone.
5:16 of 2nd period - Robby Fabbri is hit by Tomas Hertl.
5:19 of 2nd period - Brent Burns is hit by Jori Lehtera and loses puck.
5:29 of 2nd period - Alexander Burmistrov is hit by Alexey Marchenko and loses puck.
5:31 of 2nd period - Minor Penalty to Alexey Marchenko for Roughing.
5:32 of 2nd period - Pierre-Edouard Bellemare wins face-off versus Evgeny Kuznetsov in Panthers zone.
6:28 of 2nd period - T.J. Brodie is hit by Evander Kane and loses puck.
6:51 of 2nd period - Shot by Evander Kane.
6:51 of 2nd period - Deflect By Logan Couture.
6:51 of 2nd period - Shot Misses the Net.
6:53 of 2nd period - Shot by Simon Despres.
6:53 of 2nd period - Stopped by Philipp Grubauer with a rebound.
6:55 of 2nd period - Shot by Simon Despres.
6:55 of 2nd period - Shot Misses the Net.
6:57 of 2nd period - Shot by Evander Kane.
6:57 of 2nd period - Stopped by Philipp Grubauer without a rebound.
6:58 of 2nd period - Evgeny Kuznetsov wins face-off versus Pierre-Edouard Bellemare in Panthers zone.
7:21 of 2nd period - Shot by Reilly Smith.
7:21 of 2nd period - Stopped by Philipp Grubauer without a rebound.
7:22 of 2nd period - Pierre-Edouard Bellemare wins face-off versus Logan Couture in Panthers zone.
7:59 of 2nd period - Shot by Robby Fabbri.
7:59 of 2nd period - Stopped by Philipp Grubauer without a rebound.
8:00 of 2nd period - Joe Thornton wins face-off versus Elias Lindholm in Panthers zone.
8:00 of 2nd period - Joe Thornton is hit by Elias Lindholm.
8:08 of 2nd period - Cody Ceci is hit by Vladimir Tarasenko and loses puck.
8:19 of 2nd period - Cody Ceci is hit by Vladimir Tarasenko and loses puck.
9:20 of 2nd period - Shot by Artem Anisimov.
9:20 of 2nd period - Deflect By Ondrej Palat.
9:20 of 2nd period - Stopped by Henrik Lundqvist without a rebound.
9:21 of 2nd period - Evgeny Kuznetsov wins face-off versus Jori Lehtera in Canucks zone.
9:41 of 2nd period - Shot by Tomas Hertl.
9:41 of 2nd period - Stopped by Henrik Lundqvist with a rebound.
9:56 of 2nd period - Shot by Evgeny Kuznetsov.
9:56 of 2nd period - Shot Misses the Net.
10:05 of 2nd period - Shot by Evander Kane.
10:05 of 2nd period - Shot Blocked by Nikolaj Ehlers.
10:29 of 2nd period - Shot by Adam Henrique.
10:29 of 2nd period - Shot Misses the Net.
10:43 of 2nd period - Shot by Adam Henrique.
10:43 of 2nd period - Stopped by Philipp Grubauer without a rebound.
10:44 of 2nd period - Robby Fabbri wins face-off versus Joe Thornton in Panthers zone.
10:47 of 2nd period - Shot by Robby Fabbri.
10:47 of 2nd period - Stopped by Philipp Grubauer without a rebound.
10:48 of 2nd period - Robby Fabbri wins face-off versus Pavel Datsyuk in Panthers zone.
10:51 of 2nd period - Shot by Robby Fabbri.
10:51 of 2nd period - Shot Misses the Net.
11:10 of 2nd period - Icing by Jacob Trouba.
11:11 of 2nd period - Joe Thornton wins face-off versus Logan Couture in Panthers zone.
11:23 of 2nd period - Pavel Datsyuk is hit by Alex Pietrangelo and loses puck.
11:42 of 2nd period - Shot by Pavel Datsyuk.
11:42 of 2nd period - Stopped by Henrik Lundqvist without a rebound.
11:43 of 2nd period - Ondrej Palat wins face-off versus Evgeny Kuznetsov in Canucks zone.
12:13 of 2nd period - Shot by Reilly Smith.
12:13 of 2nd period - Stopped by Philipp Grubauer without a rebound.
12:14 of 2nd period - Logan Couture wins face-off versus Tomas Hertl in Panthers zone.
13:35 of 2nd period - Off-side.
13:36 of 2nd period - Joe Thornton wins face-off versus Robby Fabbri in neutral zone.
13:36 of 2nd period - Joe Thornton is hit by Chris Kreider.
13:44 of 2nd period - Shot by Vladimir Tarasenko.
13:44 of 2nd period - Shot Misses the Net.
13:46 of 2nd period - Shot by Pavel Datsyuk.
13:46 of 2nd period - Shot Blocked by Simon Despres.
13:48 of 2nd period - Shot by Pavel Datsyuk.
13:48 of 2nd period - Stopped by Henrik Lundqvist with a rebound.
14:07 of 2nd period - Vladimir Tarasenko is hit by Simon Despres and loses puck.
14:12 of 2nd period - Shot by Joe Thornton.
14:12 of 2nd period - Shot Misses the Net.
14:15 of 2nd period - Vladimir Tarasenko is hit by Simon Despres and loses puck.
14:31 of 2nd period - Patrick Kane is hit by Simon Despres and loses puck.
14:45 of 2nd period - Minor Penalty to Simon Despres for Holding.
14:46 of 2nd period - Evgeny Kuznetsov wins face-off versus Jori Lehtera in Canucks zone.
14:54 of 2nd period - Icing by Patrick Kane.
14:55 of 2nd period - Evgeny Kuznetsov wins face-off versus Jori Lehtera in Panthers zone.
15:08 of 2nd period - Shot by Patrick Kane.
15:08 of 2nd period - Shot Misses the Net.
15:10 of 2nd period - Shot by Jacob Trouba.
15:10 of 2nd period - Stopped by Henrik Lundqvist without a rebound.
15:11 of 2nd period - Evgeny Kuznetsov wins face-off versus Pavel Datsyuk in Canucks zone.
15:42 of 2nd period - Shot by Pavel Datsyuk.
15:42 of 2nd period - Stopped by Henrik Lundqvist without a rebound.
15:43 of 2nd period - Jori Lehtera wins face-off versus Alexander Burmistrov in Canucks zone.
15:46 of 2nd period - Shot by Patrick Kane.
15:46 of 2nd period - Shot Misses the Net.
15:48 of 2nd period - Shot by Ondrej Palat.
15:48 of 2nd period - Shot Misses the Net.
16:06 of 2nd period - Shot by Ondrej Palat.
16:06 of 2nd period - Stopped by Henrik Lundqvist without a rebound.
16:07 of 2nd period - Evgeny Kuznetsov wins face-off versus Pavel Datsyuk in Canucks zone.
16:48 of 2nd period - Shot by Artem Anisimov.
16:48 of 2nd period - Shot Misses the Net.
16:56 of 2nd period - Alex Pietrangelo is hit by Artem Anisimov and loses puck.
17:05 of 2nd period - Shot by Ondrej Palat.
17:05 of 2nd period - Stopped by Henrik Lundqvist without a rebound.
17:06 of 2nd period - Robby Fabbri wins face-off versus Joakim Nordstrom in Canucks zone.
17:41 of 2nd period - Shot by Riley Nash.
17:41 of 2nd period - Stopped by Henrik Lundqvist without a rebound.
17:42 of 2nd period - Artem Anisimov wins face-off versus Evgeny Kuznetsov in Canucks zone.
17:47 of 2nd period - Shot by Ondrej Palat.
17:47 of 2nd period - Deflect By Patrick Kane.
17:47 of 2nd period - Shot Misses the Net.
17:50 of 2nd period - Icing by Alex Pietrangelo.
17:51 of 2nd period - Artem Anisimov wins face-off versus Evgeny Kuznetsov in Canucks zone.
18:00 of 2nd period - Shot by Evgeny Kuznetsov.
18:00 of 2nd period - Stopped by Philipp Grubauer without a rebound.
18:01 of 2nd period - Logan Couture wins face-off versus Joe Thornton in Panthers zone.
18:06 of 2nd period - Shot by Brent Burns.
18:06 of 2nd period - Stopped by Philipp Grubauer without a rebound.
18:07 of 2nd period - Evgeny Kuznetsov wins face-off versus Artem Anisimov in Panthers zone.
18:41 of 2nd period - Shot by Reilly Smith.
18:41 of 2nd period - Shot Misses the Net.
18:50 of 2nd period - Icing by T.J. Brodie.
18:51 of 2nd period - Artem Anisimov wins face-off versus Logan Couture in Panthers zone.
18:51 of 2nd period - Artem Anisimov is hit by Logan Couture.
19:17 of 2nd period - Shot by Joe Thornton.
19:17 of 2nd period - Stopped by Henrik Lundqvist without a rebound.
19:18 of 2nd period - Robby Fabbri wins face-off versus Jori Lehtera in Canucks zone.
19:27 of 2nd period - Shot by Jonas Brodin.
19:27 of 2nd period - Shot Misses the Net.
19:44 of 2nd period - Jori Lehtera is hit by Simon Despres and loses puck.
Goals for this period are 0 for Panthers vs 1 for Canucks.
Shots for this period are 13 for Panthers vs 12 for Canucks.

3rd period


0:01 of 3rd period - Evgeny Kuznetsov wins face-off versus Joe Thornton in neutral zone.
0:01 of 3rd period - Erik Karlsson is hit by Pavel Datsyuk and loses puck.
0:43 of 3rd period - Pavel Datsyuk is hit by Erik Karlsson and loses puck.
1:16 of 3rd period - Shot by Ondrej Palat.
1:16 of 3rd period - Stopped by Henrik Lundqvist with a rebound.
1:18 of 3rd period - Shot by Jacob Trouba.
1:18 of 3rd period - Deflect By Patrick Kane.
1:18 of 3rd period - Shot Misses the Net.
1:49 of 3rd period - Adam Henrique is hit by Jacob Trouba and loses puck.
2:06 of 3rd period - Shot by Jori Lehtera.
2:06 of 3rd period - Shot Misses the Net.
2:08 of 3rd period - Shot by Alexey Marchenko.
2:08 of 3rd period - Goal by Alexey Marchenko - Panthers : 3 - Canucks : 3.
2:09 of 3rd period - Robby Fabbri wins face-off versus Pierre-Edouard Bellemare in neutral zone.
2:49 of 3rd period - Shot by T.J. Brodie.
2:49 of 3rd period - Stopped by Henrik Lundqvist without a rebound.
2:50 of 3rd period - Evgeny Kuznetsov wins face-off versus Joe Thornton in Canucks zone.
2:50 of 3rd period - Evgeny Kuznetsov is hit by Pavel Datsyuk.
3:18 of 3rd period - Shot by Evgeny Kuznetsov.
3:18 of 3rd period - Shot Misses the Net.
3:20 of 3rd period - Shot by Reilly Smith.
3:20 of 3rd period - Shot Misses the Net.
3:22 of 3rd period - Shot by Reilly Smith.
3:22 of 3rd period - Shot Blocked by Trevor van Riemsdyk.
3:48 of 3rd period - Erik Karlsson is hit by Tomas Hertl and loses puck.
5:04 of 3rd period - Off-side.
5:05 of 3rd period - Elias Lindholm wins face-off versus Artem Anisimov in neutral zone.
5:46 of 3rd period - Jonas Brodin is hit by Justin Braun and loses puck.
6:13 of 3rd period - Shot by Pavel Datsyuk.
6:13 of 3rd period - Shot Misses the Net.
6:15 of 3rd period - Shot by Alexey Marchenko.
6:15 of 3rd period - Shot Hit the Post.
6:17 of 3rd period - Shot by Joe Thornton.
6:17 of 3rd period - Stopped by Henrik Lundqvist without a rebound.
6:18 of 3rd period - Logan Couture wins face-off versus Riley Nash in Canucks zone.
6:40 of 3rd period - Shot by Mikkel Boedker.
6:40 of 3rd period - Stopped by Philipp Grubauer with a rebound.
6:42 of 3rd period - Shot by Adam Henrique.
6:42 of 3rd period - Shot Blocked by Riley Nash.
6:44 of 3rd period - Shot by Cody Ceci.
6:44 of 3rd period - Shot Blocked by Pierre-Edouard Bellemare.
6:50 of 3rd period - Shot by Logan Couture.
6:50 of 3rd period - Shot Misses the Net.
7:02 of 3rd period - Shot by Adam Henrique.
7:02 of 3rd period - Deflect By Mikkel Boedker.
7:02 of 3rd period - Stopped by Philipp Grubauer without a rebound.
7:03 of 3rd period - Evgeny Kuznetsov wins face-off versus Joe Thornton in Panthers zone.
7:27 of 3rd period - Minor Penalty to Alex Pietrangelo for Hooking.
7:28 of 3rd period - Evgeny Kuznetsov wins face-off versus Jori Lehtera in Canucks zone.
7:39 of 3rd period - Shot by Patrick Kane.
7:39 of 3rd period - Deflect By Jori Lehtera.
7:39 of 3rd period - Stopped by Henrik Lundqvist without a rebound.
7:40 of 3rd period - Pavel Datsyuk wins face-off versus Alexander Burmistrov in Canucks zone.
8:20 of 3rd period - Shot by Danny DeKeyser.
8:20 of 3rd period - Stopped by Henrik Lundqvist with a rebound.
8:22 of 3rd period - Shot by Danny DeKeyser.
8:22 of 3rd period - Shot Misses the Net.
8:35 of 3rd period - Minor Penalty to Evgeny Kuznetsov for Holding.
8:36 of 3rd period - Ondrej Palat wins face-off versus Reilly Smith in Canucks zone.
8:57 of 3rd period - Shot by Jacob Trouba.
8:57 of 3rd period - Shot Blocked by Alexander Burmistrov.
9:07 of 3rd period - Shot by Patrick Kane.
9:07 of 3rd period - Stopped by Henrik Lundqvist without a rebound.
9:08 of 3rd period - Reilly Smith wins face-off versus Pavel Datsyuk in Canucks zone.
9:08 of 3rd period - Reilly Smith is hit by Vladimir Tarasenko.
9:40 of 3rd period - Shot by Pavel Datsyuk.
9:40 of 3rd period - Stopped by Henrik Lundqvist without a rebound.
9:41 of 3rd period - Jori Lehtera wins face-off versus Brent Burns in Canucks zone.
10:09 of 3rd period - Patrick Kane is hit by Erik Karlsson and loses puck.
10:20 of 3rd period - Alex Pietrangelo is hit by Ondrej Palat and loses puck.
10:30 of 3rd period - Icing by Ondrej Palat.
10:31 of 3rd period - Jori Lehtera wins face-off versus Alexander Burmistrov in Panthers zone.
10:46 of 3rd period - Shot by Evgeny Kuznetsov.
10:46 of 3rd period - Goal by Evgeny Kuznetsov - Panthers : 3 - Canucks : 4.
10:47 of 3rd period - Pierre-Edouard Bellemare wins face-off versus Robby Fabbri in neutral zone.
12:01 of 3rd period - Minor Penalty to Pavel Datsyuk for Hooking.
12:02 of 3rd period - Jori Lehtera wins face-off versus Evgeny Kuznetsov in Panthers zone.
12:02 of 3rd period - Jori Lehtera is hit by Reilly Smith.
12:35 of 3rd period - Shot by Evgeny Kuznetsov.
12:35 of 3rd period - Stopped by Philipp Grubauer without a rebound.
12:36 of 3rd period - Logan Couture wins face-off versus Jori Lehtera in Panthers zone.
12:39 of 3rd period - Shot by Elias Lindholm.
12:39 of 3rd period - Stopped by Philipp Grubauer with a rebound.
12:57 of 3rd period - Shot by Logan Couture.
12:57 of 3rd period - Stopped by Philipp Grubauer without a rebound.
12:58 of 3rd period - Pierre-Edouard Bellemare wins face-off versus Evgeny Kuznetsov in Panthers zone.
13:48 of 3rd period - Icing by Logan Couture.
13:49 of 3rd period - Elias Lindholm wins face-off versus Jori Lehtera in Canucks zone.
13:51 of 3rd period - Icing by Logan Couture.
13:52 of 3rd period - Logan Couture wins face-off versus Pierre-Edouard Bellemare in Canucks zone.
14:12 of 3rd period - Shot by Chris Kreider.
14:12 of 3rd period - Shot Blocked by Alexey Marchenko.
14:32 of 3rd period - Shot by Chris Kreider.
14:32 of 3rd period - Shot Misses the Net.
14:34 of 3rd period - Shot by Robby Fabbri.
14:34 of 3rd period - Stopped by Philipp Grubauer without a rebound.
14:35 of 3rd period - Artem Anisimov wins face-off versus Evgeny Kuznetsov in Panthers zone.
14:47 of 3rd period - Off-side.
14:48 of 3rd period - Jori Lehtera wins face-off versus Logan Couture in neutral zone.
15:04 of 3rd period - Shot by Logan Couture.
15:04 of 3rd period - Stopped by Philipp Grubauer without a rebound.
15:05 of 3rd period - Patrick Kane wins face-off versus Evgeny Kuznetsov in Panthers zone.
15:29 of 3rd period - Alex Pietrangelo is hit by Ondrej Palat and loses puck.
15:30 of 3rd period - Minor Penalty to Ondrej Palat for High sticking.
15:31 of 3rd period - Logan Couture wins face-off versus Jori Lehtera in Panthers zone.
15:32 of 3rd period - Shot by Brent Burns.
15:32 of 3rd period - Shot Misses the Net.
15:34 of 3rd period - Shot by Evander Kane.
15:34 of 3rd period - Shot Misses the Net.
15:48 of 3rd period - Shot by Logan Couture.
15:48 of 3rd period - Stopped by Philipp Grubauer without a rebound.
15:49 of 3rd period - Pierre-Edouard Bellemare wins face-off versus Evgeny Kuznetsov in Panthers zone.
15:49 of 3rd period - Pierre-Edouard Bellemare is hit by Adam Henrique.
16:11 of 3rd period - Shot by Alex Pietrangelo.
16:11 of 3rd period - Stopped by Philipp Grubauer without a rebound.
16:12 of 3rd period - Jori Lehtera wins face-off versus Logan Couture in Panthers zone.
16:12 of 3rd period - Jori Lehtera is hit by Evander Kane.
16:23 of 3rd period - Minor Penalty to Brent Burns for Hooking.
16:24 of 3rd period - Joe Thornton wins face-off versus Alexander Burmistrov in Canucks zone.
16:33 of 3rd period - Shot by Joe Thornton.
16:33 of 3rd period - Shot Misses the Net.
16:35 of 3rd period - Shot by Tomas Hertl.
16:35 of 3rd period - Stopped by Henrik Lundqvist with a rebound.
17:17 of 3rd period - Shot by Patrick Kane.
17:17 of 3rd period - Goal by Patrick Kane - Panthers : 4 - Canucks : 4.
17:18 of 3rd period - Jori Lehtera wins face-off versus Robby Fabbri in neutral zone.
17:44 of 3rd period - Icing by T.J. Brodie.
17:45 of 3rd period - Pavel Datsyuk wins face-off versus Evgeny Kuznetsov in Panthers zone.
17:45 of 3rd period - Pavel Datsyuk is hit by Evgeny Kuznetsov.
17:53 of 3rd period - Shot by T.J. Brodie.
17:53 of 3rd period - Stopped by Henrik Lundqvist without a rebound.
17:54 of 3rd period - Jori Lehtera wins face-off versus Evgeny Kuznetsov in Canucks zone.
18:22 of 3rd period - Shot by Justin Braun.
18:22 of 3rd period - Shot Misses the Net.
18:28 of 3rd period - Shot by Vladimir Tarasenko.
18:28 of 3rd period - Shot Blocked by Brent Burns.
18:30 of 3rd period - Shot by Joe Thornton.
18:30 of 3rd period - Deflect By Vladimir Tarasenko.
18:30 of 3rd period - Stopped by Henrik Lundqvist without a rebound.
18:31 of 3rd period - Vladimir Tarasenko wins face-off versus Robby Fabbri in Canucks zone.
19:02 of 3rd period - Shot by Vladimir Tarasenko.
19:02 of 3rd period - Stopped by Henrik Lundqvist without a rebound.
19:03 of 3rd period - Patrick Kane wins face-off versus Logan Couture in Canucks zone.
19:05 of 3rd period - Ondrej Palat is hit by Erik Karlsson and loses puck.
19:21 of 3rd period - Shot by Mikkel Boedker.
19:21 of 3rd period - Shot Blocked by Justin Braun.
19:34 of 3rd period - Minor Penalty to Adam Henrique for Boarding.
19:35 of 3rd period - Pavel Datsyuk wins face-off versus Evgeny Kuznetsov in Canucks zone.
19:53 of 3rd period - Off-side.
19:54 of 3rd period - Jori Lehtera wins face-off versus Evgeny Kuznetsov in neutral zone.
19:59 of 3rd period - Shot by Ondrej Palat.
19:59 of 3rd period - Stopped by Henrik Lundqvist with a rebound.
Goals for this period are 2 for Panthers vs 1 for Canucks.
Shots for this period are 14 for Panthers vs 10 for Canucks.

Overtime #1


0:01 of 1st overtime period - Alexander Burmistrov wins face-off versus Joe Thornton in neutral zone.
0:35 of 1st overtime period - Shot by Joe Thornton.
0:35 of 1st overtime period - Stopped by Henrik Lundqvist without a rebound.
0:36 of 1st overtime period - Reilly Smith wins face-off versus Joe Thornton in Canucks zone.
1:32 of 1st overtime period - Off-side.
1:33 of 1st overtime period - Ondrej Palat wins face-off versus Reilly Smith in neutral zone.
1:44 of 1st overtime period - Shot by Pavel Datsyuk.
1:44 of 1st overtime period - Goal by Pavel Datsyuk - Panthers : 5 - Canucks : 4.
Goals for this period are 1 for Panthers vs 0 for Canucks.
Shots for this period are 2 for Panthers vs 0 for Canucks.